 Dungeon Crawl Stone Soup version 0.19-a0-944-gb338e1e (webtiles) character file.

702 AlphabetPasta the Chopper (level 7, -4/60 HPs)
             Began as a Centaur Monk on July 8, 2016.
             Killed by divine providence
             ... invoked by an orc priest
              (10 damage)
             ... on level 4 of the Dungeon.
             The game lasted 00:16:33 (4694 turns).

AlphabetPasta the Chopper (Centaur Monk)            Turns: 4694, Time: 00:16:33

Health: -4/60      AC: 12    Str: 13    XL:     7   Next: 38%
Magic:  8/8        EV:  8    Int:  9    God:
Gold:   119        SH:  2    Dex: 12    Spells: 0 memorised, 6 levels left

rFire  + . .     SeeInvis .     a - +0 hand axe
rCold  + . .     Gourm    .     e - +1 scale mail
rNeg   . . .     Faith    .     (no shield)
rPois  +         Spirit   .     p - +2 helmet
rElec  +         Dismiss  .     (no cloak)
rCorr  +         Reflect  +     (no gloves)
SustAt .         Harm     .     (no barding)
MR     .....                    g - +2 amulet of reflection
Stlth  ..........               (no ring)
                                (no ring)

@: resistant, very quick, not resistant to hostile enchantments, extremely
unstealthy
A: hooves 3, yellow scales 1, deformed body, speed 2, tough skin 3, weak 1
a: no special abilities


You were on level 4 of the Dungeon.
You were hungry.

You visited 1 branch of the dungeon, and saw 4 of its levels.

You collected 119 gold pieces.

Inventory:

Hand Weapons
 a - a +0 hand axe (weapon)
Missiles
 i - 47 arrows
Armour
 b - a +0 robe
 e - a +1 scale mail (worn)
 p - a +2 helmet (worn)
 t - a +0 chain mail
Jewellery
 g - a +2 amulet of reflection (around neck)
Wands
 f - a wand of slowing (15/48)
Potions
 q - a potion of cancellation
 r - a potion of flight
 w - a potion of brilliance
Comestibles
 c - a slice of pizza
 l - a meat ration
 n - 4 fruits
 v - a bread ration


   Skills:
 + Level 4.3 Fighting
 * Level 5.4 Axes
 + Level 2.3 Armour
 + Level 3.5 Dodging
 - Level 1.2 Stealth
 + Level 1.3 Evocations


You had 6 spell levels left.
You didn't know any spells.

Dungeon Overview and Level Annotations

Branches:
Dungeon (4/15)
 Temple: D:4-7

Altars:


Innate Abilities, Weirdness & Mutations

You have hooves in place of feet.
Armour fits poorly on your strangely shaped body.
You cover ground very quickly.
You have extremely tough skin. (AC +3)
You are partially covered in yellow scales. (AC +2)
You are weak. (Str -2)


Message History

The orc priest is moderately wounded.
The orc priest completely misses you.
You hit the orc priest.
The orc priest is heavily wounded.
The orc priest closely misses you.
You hit the orc priest.
The orc priest is severely wounded.
The orc priest mumbles some strange prayers to Beogh against you.
Beogh smites you!
* * * LOW HITPOINT WARNING * * *
You are feeling hungry.
You hit the orc priest. Your kick misses the orc priest.
The orc priest is severely wounded.
The orc priest closely misses you.
You hit the orc priest but do no damage.
You kick the orc priest, but do no damage.
The orc priest is severely wounded.
The orc priest mumbles some strange prayers to Beogh against you.
Beogh smites you!
You die...

.. .........P♣ #....
.......P.P
#....######
#..o.....#
#.........#
+........#
#.........#
#...o....#
#.........#
#.........
#.........#
#....####.
#.........#####....+
#.........@)..)....#
#....###'#.o...#####
#....#...#.....#
#....#...+.....+
#....##..#.....#
###'###..#..♣.♣#
#...#...+.....
#...#...#..♣.♣#
#...#...#...


You could see an orc priest.

Vanquished Creatures
  Sigmund (D:2)
  An ice beast (D:3)
  An ogre (D:4)
  Ijyb (D:2)
  Terence (D:3)
  Natasha (D:3)
  A worker ant (D:4)
  Robin (D:2)
  A worker ant zombie (D:3)
  4 gnolls
  11 adders
  An ooze (D:1)
  4 worms
  2 dart slugs
  A giant gecko (D:1)
  3 orcs
  2 giant cockroaches
  8 goblins
  13 hobgoblins
  8 jackals
  A quokka (D:2)
  6 bats
  A giant gecko skeleton (D:4)
  3 giant newts
  5 kobolds
  8 rats
90 creatures vanquished.

Notes
Turn   | Place    | Note
-------+----------+-------------------------------------------
     0 | D:1      | AlphabetPasta the Centaur Monk began the quest for the Orb.
     0 | D:1      | Reached XP level 1. HP: 19/19 MP: 1/1
   517 | D:1      | Reached XP level 2. HP: 26/26 MP: 2/2
   873 | D:1      | Reached skill level 3 in Axes
  1208 | D:2      | Reached XP level 3. HP: 26/31 MP: 3/3
  1808 | D:1      | Reached XP level 4. HP: 6/38 MP: 4/4
  2135 | D:2      | Noticed Ijyb
  2152 | D:2      | Killed Ijyb
  2203 | D:2      | Reached skill level 1 in Armour
  2416 | D:2      | Noticed Robin
  2435 | D:2      | Killed Robin
  2436 | D:2      | Reached XP level 5. HP: 26/45 MP: 5/5
  2468 | D:2      | Found a faded altar of an unknown god.
  2499 | D:2      | Reached skill level 4 in Axes
  2559 | D:2      | Gained mutation: You are weak. (Str -2) [potion of mutation]
  2559 | D:2      | Gained mutation: You are partially covered in yellow scales. (AC +2) [potion of mutation]
  2913 | D:2      | Noticed Sigmund
  2942 | D:2      | Killed Sigmund
  2942 | D:2      | Reached XP level 6. HP: 34/52 MP: 6/6
  3287 | D:3      | Noticed Terence
  3350 | D:3      | Killed Terence
  3752 | D:3      | Reached skill level 5 in Axes
  3936 | D:3      | Noticed an ice beast
  3954 | D:3      | Killed an ice beast
  3954 | D:3      | Reached XP level 7. HP: 26/59 MP: 7/7
  4216 | D:3      | Noticed Natasha
  4223 | D:3      | Killed Natasha
  4358 | D:4      | Reached skill level 1 in Evocations
  4694 | D:4      | Killed from afar by an orc priest

Vault maps used:
D:1:      matt_arrival_spirals
D:2:      ecumenical_altar_1, uniq_iyjb, uniq_robin, uniq_sigmund
D:3:      uniq_terence, uniq_natasha
D:4:      kennysheep_little_box, serial_forest, infiniplex_forest_lined_corner,
          infiniplex_forest_lined_4_way, infiniplex_forest_lined_2,
          infiniplex_forest_clump_tiny, infiniplex_forest_clump_diagonal,
          infiniplex_forest_clump_tiny, infiniplex_forest_lined_corner,
          first_bread

Skill      XL: |  1  2  3  4  5  6  7 |
---------------+----------------------+-----
Axes           | 3 4 5 |  5.4
Armour         | 1 2 |  2.3
Fighting       | 4 |  4.3
Dodging        | 3 |  3.5
Evocations     | 1 |  1.3
Stealth        | |  1.2

Action                   |  1- 3 |  4- 6 |  7- 9 || total
-------------------------+-------+-------+-------++-------
Melee: Hand axe          |   133 |   292 |    83 ||   508
       Kick              |    28 |    54 |    23 ||   105
Evoke: Wand              |       |     3 |       ||     3
  Use: Potion            |       |     3 |     2 ||     5
       Scroll            |       |       |     9 ||     9
  Eat: Chunk             |     1 |     3 |     2 ||     6
       Bread ration      |       |     1 |       ||     1
Armor: Scale mail        |    67 |   130 |    50 ||   247
       Robe              |     1 |       |       ||     1
Dodge: Dodged            |    41 |   109 |    33 ||   183
Block: Other             |       |     6 |     3 ||     9
